 Dungeon Crawl Stone Soup version 0.31.0-11-ge490571c62 (webtiles) character file.

Game seed: 10465354230031128635

103 jasper the Shooter (level 4, -2/32 HPs)
             Began as a Barachi Hexslinger on Feb 5, 2024.
             Succumbed to a kobold's poison
             ... on level 3 of the Dungeon.
             The game lasted 00:03:00 (1593 turns).

jasper the Shooter (Barachi Hexslinger)             Turns: 1593, Time: 00:03:01

Health: -2/32      AC:  2    Str: 11    XL:     4   Next: 79%
Magic:  5/5        EV: 12    Int: 13    God:
Gold:   88         SH:  0    Dex: 15    Spells: 5/5 levels left

rFire   + . .        a - +1 sling
rCold   + . .        (no shield)
rNeg    . . .        c - +0 robe
rPois   +            (no helmet)
rElec   +            (no cloak)
rCorr   +            (no gloves)
SInv    .            (no boots)
Will    .....        (no amulet)
Stlth   +            (no ring)
HPRegen 0.25/turn    (no ring)
MPRegen 0.09/turn

%: no passive effects
@: lethally poisoned (-2 -> -10), resistant, unable to hop, slow
A: amphibious, slowness 1, strong legs 1, +LOS
a: Hop


You were on level 3 of the Dungeon.
You visited 1 branch of the dungeon, and saw 3 of its levels.

You collected 88 gold pieces.

Inventory:

Hand Weapons
 a - a +1 sling (weapon)
Missiles
 d - 31 stones
Armour
 c - a +0 robe (worn)
Scrolls
 e - a scroll of amnesia
Potions
 g - 2 potions of degeneration
 h - 2 potions of brilliance


   Skills:
 - Level 1.2 Fighting
 + Level 4.8 Ranged Weapons
 - Level 2.1 Dodging
 - Level 1.1 Spellcasting
 - Level 3.2 Hexes
 - Level 1.1 Fire Magic


You had 5 spell levels left.
You didn't know any spells.
Your spell library contained the following spells:

 Spells                   Type           Power      Damage    Failure   Level
 Jinxbite                 Hex            18%        N/A       11%         2
 Sigil of Binding         Hex            9%         N/A       22%         3
 Inner Flame              Hex/Fire       6%         N/A       34%         3
 Cause Fear               Hex            4%         N/A       58%         4
 Dimensional Bullseye     Hex/Tloc       2%         N/A       80%         4


Dungeon Overview and Level Annotations

Branches:
Dungeon (3/15)

Altars:
Trog


Innate Abilities, Weirdness & Mutations

You are amphibious.
You cover ground slowly.
You can hop short distances.
You have an extended range of vision and can be seen from far away.


Message History

You feel sick.
You aren't carrying any items that you can evoke. 2 frilled lizards come into view.
You feel sick.
The frilled lizard hisses angrily.
You see here a scroll of identify.
Found a ring mail.
You feel sick.
A goblin comes into view. It is wielding a +0 club.
You feel sick.
There is an open door here.
You feel sick.
The frilled lizard hisses angrily.
You close the door.
You feel sick. The goblin hits you but does no damage.
The frilled lizard misses you.
A hobgoblin opens the door.
Fire: a) +1 sling
Press: ? - help, Q - select action, (/) - cycle Shift-Dir - straight line, f - frilled lizard
Aim: a frilled lizard (40% to hit)
You shoot a sling bullet.
The sling bullet hits the frilled lizard but does no damage.
You feel sick.
You are no longer poisoned.
The kobold throws a poisoned dart.
The poisoned dart hits you!
You are lethally poisoned!
The frilled lizard unfolds its giant frill.
The goblin hits you with a +0 club.
* * * LOW HITPOINT WARNING * * *
The frilled lizard closely misses you.
Okay, then.
The air fills with toxic fumes!
As you read the scroll of poison, it crumbles to dust.
* * * LOW HITPOINT WARNING * * *
You feel very sick. The frilled lizard closely misses you.
The goblin closely misses you. The frilled lizard barely misses you.
There is a lethal amount of poison in your body!
Unknown command.
You shoot a sling bullet.
The sling bullet hits the frilled lizard.
You kill the frilled lizard!
You die...

##+### #§§§§§# ##§§§§§#
##§§§§§# ##§§.§§#
#§§@g§# '.# ###l### #.#
#.§g§.# ..#.#
##..#§§§§§#..g.##.##.#
#...§§§§§§§.!.# #.##.#
#...§#§§§§§#§.####..#.#
...§§#§§§§§#§###.#....#
..§§ ###K### ##..#.##.#
.§§ ##.§§§.###...'.##.#


You could see a hobgoblin, a goblin, a kobold and a frilled lizard.

Vanquished Creatures
  A jelly (D:3)
  2 adders
  A dart slug (D:2)
  A ribbon worm (D:3)
  3 ball pythons
  10 endoplasms
  2 giant cockroaches
  6 goblins
  6 hobgoblins
  2 kobolds (D:2)
  A quokka (D:2)
  6 bats
  4 frilled lizards
  4 rats
49 creatures vanquished.

Notes
Turn   | Place    | Note
-------+----------+-------------------------------------------
     0 | D:1      | jasper the Barachi Hexslinger began the quest for the Orb.
     0 | D:1      | Reached XP level 1. HP: 15/15 MP: 2/2
   193 | D:1      | Found a faded altar of an unknown god.
   215 | D:1      | Reached XP level 2. HP: 21/21 MP: 3/3
   435 | D:1      | Reached skill level 3 in Ranged Weapons
   490 | D:1      | Reached XP level 3. HP: 23/26 MP: 4/4
   815 | D:2      | Reached skill level 4 in Ranged Weapons
   995 | D:2      | Found a bloodstained altar of Trog.
  1097 | D:2      | Reached XP level 4. HP: 32/32 MP: 5/5
  1592 | D:3      | HP: 1/32 [poisoned by a kobold]
  1593 | D:3      | Succumbed to a kobold's poison

Illustrated notes

Levels and vault maps discovered:
D:1:      dpeg_arrival_lava_temple_mockup, layout_loops_ring,
          nicolae_ecumenical_lake_church, st_stairs_5
D:2:      layout_loops_cross, basic_altar
D:3:      layout_loops_ring, serial_rivers, chequers_serial_rivers_small_b,
          chequers_serial_rivers_large_a, chequers_serial_rivers_micro_d,
          chequers_serial_rivers_micro_b, chequers_serial_rivers_micro_a,
          minmay_quadrilaterals

Skill      XL: |  1  2  3 |
---------------+----------+-----
Ranged Weapons | 3 4 |  4.8
Fighting       | |  1.2
Dodging        | |  2.1
Spellcasting   | |  1.1
Hexes          | |  3.2
Fire Magic     | |  1.1

Action                     |  1- 3 |  4- 6 || total
---------------------------+-------+-------++-------
   Fire: Sling             |    94 |    52 ||   146
Ability: Hop               |     2 |     1 ||     3
    Use: Scroll            |     2 |     6 ||     8
         Potion            |       |     1 ||     1
 Armour: Robe              |    35 |    26 ||    61
  Dodge: Dodged            |    34 |    35 ||    69
